 Dungeon Crawl Stone Soup version 0.26-a0-651-gb41185065b (webtiles) character file.

Game seed: 4858470153712725429

1299 Irenicus the Geomancer (level 8, -1/62 HPs)
             Began as a Deep Dwarf Earth Elementalist on Oct 21, 2020.
             Was an Initiate of Makhleb.
             Killed from afar by a white imp (6 damage)
             ... with a puff of frost
             ... on level 6 of the Dungeon.
             The game lasted 00:19:40 (2632 turns).

Irenicus the Geomancer (DDEE)                       Turns: 2632, Time: 00:19:41

Health: -1/62      AC:  8    Str: 13    XL:     8   Next: 31%
Magic:  6/18       EV: 12    Int: 29    God:    Makhleb [......]
Gold:   130        SH:  0    Dex: 13    Spells: 17/20 levels left

rFire    . . .     SeeInvis .   n - +0 dagger (protect)
rCold    . . .     Faith    +   (no shield)
rNeg     . . .     Spirit   .   g - +1 leather armour
rPois    .         Reflect  .   l - +0 helmet
rElec    .         Harm     .   (no cloak)
rCorr    .         Rampage  .   p - +2 pair of gloves
MR       +....                  (no boots)
Stlth    ++........             r - amulet of faith {Faith, !P}
HPRegen  0.00/turn              i - +6 ring of intelligence
MPRegen  0.16/turn              o - +6 ring of intelligence

@: very slightly contaminated, non-regenerating
A: damage resistance, heal wounds, sense surroundings 1, no regeneration
a: Heal Wounds, Renounce Religion


You were on level 6 of the Dungeon.
You worshipped Makhleb.
Makhleb was noncommittal.
You visited 2 branches of the dungeon, and saw 8 of its levels.

You collected 312 gold pieces.
You spent 182 gold pieces at shops.

Inventory:

Hand Weapons
 n - a +0 dagger of protection (weapon)
   (You took it off a kobold on level 3 of the Dungeon)
Missiles
 b - 106 stones (quivered)
Armour
 g - a +1 leather armour (worn)
   (You found it on level 1 of the Dungeon)
 h - a +0 buckler
   (You found it on level 1 of the Dungeon)
 l - a +0 helmet (worn)
   (You found it on level 3 of the Dungeon)
 p - a +2 pair of gloves (worn)
   (You found it on level 7 of the Dungeon)
Jewellery
 i - a +6 ring of intelligence (left hand)
   (You found it on level 1 of the Dungeon)
 m - an uncursed amulet of reflection
   (You found it on level 7 of the Dungeon)
 o - a +6 ring of intelligence (right hand)
   (You found it on level 4 of the Dungeon)
 r - an amulet of faith (around neck) {Faith, !P}
   (You found it on level 4 of the Dungeon)
Wands
 c - a wand of digging (7)
   (You found it on level 7 of the Dungeon)
Scrolls
 d - a scroll of immolation {unknown}
 j - 3 scrolls of teleportation
 k - 2 scrolls of enchant armour
 q - a scroll of fear {unknown}
Potions
 a - 3 potions of mutation {!q}
 e - 3 potions of heal wounds
 f - a potion of haste
 s - a potion of magic


   Skills:
 - Level 2.1 Dodging
 - Level 2.4 Stealth
 + Level 6.8 Spellcasting
 - Level 0.8 Transmutations
 - Level 9.3 Earth Magic


You had 17 spell levels left.
You knew the following spells:

 Your Spells              Type           Power        Failure   Level
a - Sandblast             Erth           ######       1%          1
w - Passwall              Tmut/Erth      #####...     1%          2

Your spell library contained the following spells:

 Spells                   Type           Power        Failure   Level
 Stone Arrow              Conj/Erth      #####.       3%          3
 Lee's Rapid Deconstruct  Erth           ######....   4%          5
 Animate Skeleton         Necr           #.....       7%          1
 Apportation              Tloc           #.....       7%          1
 Corona                   Hex            #......      7%          1
 Summon Small Mammal      Summ           #...         7%          1
 Petrify                  Tmut/Erth      #####...     9%          4


Dungeon Overview and Level Annotations

Branches:
Dungeon (7/15)             Temple (1/1) D:6

Altars:
Ashenzari
Cheibriados
Dithmenos
Elyvilon
Fedhas
Gozag
Hepliaklqana
Kikubaaqudgha
Makhleb
Okawaru
Qazlal
Ru
Sif Muna
Trog
Vehumet
Wu Jian
Xom
Yredelemnul
Zin
The Shining One

Shops:
D:5 !

Annotations:
D:5 Pikel


Innate Abilities, Weirdness & Mutations

You are resistant to damage.
You can heal yourself by infusing magical energy.
You passively map a small area around you.
You do not regenerate.


Message History

Confirm with . or Enter, or press ? or * to list all spells.
Aiming: Sandblast (safe; 1% risk of failure)
Press: ? - help, Shift-Dir - straight line, f - killer bee
Aim: a killer bee The blast of sand misses the killer bee.
The blast of sand hits the killer bee!!
You kill the killer bee!
Makhleb accepts your kill.
b - 110 stones The killer bee closely misses you.
The killer bee misses you.
You now have 2/17 mp.
You hit the killer bee.
Your weapon exudes an aura of protection.
The killer bee is lightly wounded.
The killer bee stings you.
* * * LOW HITPOINT WARNING * * *
The killer bee barely misses you.
You take 3 damage, and have 13/62 hp.
Casting: Sandblast (safe; 1% risk of failure)
Confirm with . or Enter, or press ? or * to list all spells.
Aiming: Sandblast (safe; 1% risk of failure)
Press: ? - help, Shift-Dir - straight line, f/p - killer bee
Aim: a killer bee (lightly wounded)
The blast of sand hits the killer bee!
You kill the killer bee!
Makhleb accepts your kill.
b - 109 stones The killer bee closely misses you.
You now have 2/17 mp.
Casting: Sandblast (safe; 1% risk of failure)
Confirm with . or Enter, or press ? or * to list all spells.
Aiming: Sandblast (safe; 1% risk of failure)
Press: ? - help, Shift-Dir - straight line, f - killer bee
Aim: a killer bee The blast of sand hits the killer bee!
The killer bee is almost dead.
b - 108 stones The killer bee completely misses you.
The killer bee closely misses you.
You now have 1/17 mp.
You puncture the killer bee!
Your weapon exudes an aura of protection.
You kill the killer bee!
Makhleb accepts your kill.
Casting: Sandblast (safe; 1% risk of failure)
Confirm with . or Enter, or press ? or * to list all spells.
Okay, then.
You see here a killer bee corpse.
Found a bronze wand.
Found a stone staircase leading up.
An adder skeleton comes into view.
You are no longer poisoned.
You see here a wand of digging (7).
c - a wand of digging (7)
Casting: Sandblast (safe; 1% risk of failure)
Confirm with . or Enter, or press ? or * to list all spells.
Aiming: Sandblast (safe; 1% risk of failure)
Press: ? - help, Shift-Dir - straight line, f - adder skeleton
Aim: an adder skeleton The blast of sand hits the adder skeleton!
You destroy the adder skeleton!
Makhleb accepts your kill.
b - 107 stones You now have 3/18 mp.
A bullfrog comes into view.
There is a stone staircase leading up here.
You climb upwards.
There is a stone staircase leading down here.
You open the door.
There is an open door here.
You open the door.
A white imp comes into view.
A wight comes into view. It is wielding a +0 scimitar.
There is an open door here.
A wight comes into view. It is wielding a +3 battleaxe.
A wight comes into view.
It is wielding a +1 short sword of freezing.
Casting: Sandblast (safe; 1% risk of failure)
Confirm with . or Enter, or press ? or * to list all spells.
Aiming: Sandblast (safe; 1% risk of failure)
Press: ? - help, Shift-Dir - straight line, f - wight
Aim: a wight, wielding a +3 battleaxe and wearing a +0 robe The blast of sand hits the wight but does no damage.
b - 106 stones The white imp shouts, "Scamper away, thou unhinged cabbage-coddling tiddler!"
The white imp gestures at you. The puff of frost hits you!
* * * LOW HITPOINT WARNING * * *
A wight comes into view. It is wielding a +0 trident.
You take 8 damage, and have 5/62 hp.
You now have 6/18 mp.
Casting: Sandblast (safe; 1% risk of failure)
Confirm with . or Enter, or press ? or * to list all spells.
Aiming: Sandblast (safe; 1% risk of failure)
Press: ? - help, Shift-Dir - straight line, f/p - wight
Aim: a wight, wielding a +3 battleaxe and wearing a +0 robe You miscast Sandblast.
You are very lightly contaminated with residual magic.
Nothing appears to happen.
You feel a little less mighty now.
You now have 5/18 mp.
The white imp gestures at you. The puff of frost hits you!
You die...

#'########..,*,,,,,*
#....#*,**,.,**,,,,,
#....#,,,,,,,,*,,,,,
#....#,,,,,,,,*,,,,,
#....#,,,,,,,,*,,,,,
#....#,,,,,,,,*,,,,,
#....#***,,,***,,,,,
###'####*,,,*****+**
#..@...#,,,,*,,,,,,*
#..z...#,,,,+,,,,,,*
#....z.#,,,,*,,,,,,*
#......#*,,,***,,,**
#......#*,,,***,,,**
#...z.5.*,,,,,*,,,,*
#.......#,,,,,*,,,,*
#..z....#,,*********
#...##'##***,,,,,,*


You could see 4 wights and a white imp.

Vanquished Creatures
  A sky beast (D:7)
  A phantom (D:5)
  A big kobold (D:7)
  A gnoll sergeant (D:5)
  3 killer bees (D:7)
  3 howler monkeys (D:7)
  A crimson imp (D:7)
  A bullfrog zombie (D:5)
  5 hounds
  2 orc priests (D:7)
  A centaur skeleton (D:4)
  Jessica (D:3)
  Natasha (twice) (D:2)
  An orc wizard (D:7)
  2 worker ants
  The ghost of Xorg the Skirmisher, a weakling HOFi (D:3)
  A hound zombie (D:5)
  A hound skeleton (D:4)
  8 gnolls
  3 adders
  A shadow imp (D:7)
  2 white imps (D:5)
  4 adder skeletons
  2 worms (D:2)
  A dart slug (D:1)
  6 leopard geckos
  14 orcs
  5 giant cockroaches
  6 goblins
  6 hobgoblins
  9 jackals
  15 kobolds
  A quokka (D:3)
  6 bats
  A frilled lizard (D:3)
  A quokka skeleton (D:3)
  A quokka zombie (D:3)
  6 rats
127 creatures vanquished.

Notes
Turn   | Place    | Note
-------+----------+-------------------------------------------
     0 | D:1      | Irenicus the Deep Dwarf Earth Elementalist began the quest
                  | for the Orb.
     0 | D:1      | Reached XP level 1. HP: 15/15 MP: 3/3
   226 | D:1      | Reached XP level 2. HP: 22/22 MP: 2/4
   263 | D:1      | Reached skill level 5 in Earth Magic
   427 | D:1      | Learned a level 2 spell: Passwall
   511 | D:2      | Reached XP level 3. HP: 14/28 MP: 2/5
   681 | D:2      | Noticed Natasha
   690 | D:2      | Reached skill level 6 in Earth Magic
   732 | D:2      | Killed Natasha
   732 | D:2      | Reached XP level 4. HP: 18/36 MP: 0/6
   801 | D:2      | Noticed Natasha
   808 | D:2      | Killed Natasha
   808 | D:2      | Reached skill level 7 in Earth Magic
   914 | D:2      | Found a shadowy altar of Dithmenos.
   966 | D:3      | Found a shimmering blue altar of Sif Muna.
  1047 | D:3      | Noticed Jessica
  1047 | D:3      | Killed Jessica
  1047 | D:3      | Reached XP level 5. HP: 12/42 MP: 3/7
  1235 | D:3      | Found a runed translucent gate.
  1235 | D:3      | Found a runed translucent gate.
  1236 | D:3      | Found a runed translucent gate.
  1236 | D:3      | Noticed Xorg's ghost (weakling HOFi)
  1281 | D:3      | Killed Xorg's ghost
  1281 | D:3      | Reached skill level 8 in Earth Magic
  1543 | D:4      | Found an iron altar of Okawaru.
  1544 | D:4      | Found a bloodstained altar of Trog.
  1638 | D:4      | Reached skill level 9 in Earth Magic
  1638 | D:4      | Reached XP level 6. HP: 13/49 MP: 5/8
  1666 | D:4      | Found a glowing golden altar of the Shining One.
  1692 | D:5      | Entered Level 5 of the Dungeon
  1789 | D:5      | Reached skill level 2 in Spellcasting
  1796 | D:5      | Noticed Pikel
  1821 | D:6      | Found a staircase to the Ecumenical Temple.
  1828 | Temple   | Entered the Ecumenical Temple
  1891 | D:5      | HP: 11/49 [lemure[Pikel] (2)]
  1892 | D:5      | HP: 5/49 [lemure[Pikel] (1)]
  1970 | D:5      | Reached skill level 3 in Spellcasting
  1993 | D:5      | Reached XP level 7. HP: 44/55 MP: 0/12
  2070 | D:5      | Reached skill level 4 in Spellcasting
  2179 | D:5      | Found Quntyogu's Distillery.
  2187 | D:5      | Bought a potion of mutation for 112 gold pieces
  2187 | D:5      | Bought a potion of heal wounds for 70 gold pieces
  2229 | D:5      | Found a blossoming altar of Fedhas.
  2368 | D:7      | Reached skill level 5 in Spellcasting
  2470 | D:7      | Reached XP level 8. HP: 37/62 MP: 1/16
  2483 | D:7      | Found a burning altar of Makhleb.
  2483 | D:7      | Found a radiant altar of Vehumet.
  2509 | D:7      | Reached skill level 6 in Spellcasting
  2511 | D:7      | Became a worshipper of Makhleb the Destroyer
  2582 | D:7      | HP: 13/62 [killer bee (3)]
  2630 | D:6      | HP: 5/62 [white imp/puff of frost (8)]
  2632 | D:6      | Killed from afar by a white imp

Illustrated notes

Levels and vault maps discovered:
D:1:      dpeg_arrival_rooms_c, layout_loops_ring, wad_floor_pattern_untrapped,
          minmay_hexomino_p4
D:2:      layout_loops_ring, lemuel_doored_altar, uniq_natasha
D:3:      layout_basic, old_standard_altar, gammafunk_ghost_necromancy,
          kennysheep_jessica_study
D:4:      layout_cave_pools, grunt_temple_overflow_bloody_war,
          lemuel_crystal_altar, kennysheep_generic_room_3
D:5:      layout_basic, kennysheep_little_box, serial_shops, shop, uniq_pikel
D:6:      wander_guarded_unrand_ratskin, layout_gridville,
          minmay_temple_entry_enclosed_plants, kennysheep_generic_room_15
D:7:      layout_basic, grunt_temple_overflow_lords_of_destruction
Temple:   chequers_temple_sunken

Skill      XL: |  1  2  3  4  5  6  7  8 |
---------------+-------------------------+-----
Earth Magic    | 5 6 7 9 |  9.3
Spellcasting   | 3 5 6 |  6.8
Dodging        | |  2.1
Stealth        | |  2.4
Transmutations | |  0.8

Action                   |  1- 3 |  4- 6 |  7- 9 || total
-------------------------+-------+-------+-------++-------
Melee: Whip              |    21 |     1 |       ||    22
       Dagger            |       |     1 |    21 ||    22
 Cast: Sandblast         |    41 |    72 |    62 ||   175
       Passwall          |     1 |    11 |     7 ||    19
  Use: Scroll            |     3 |     6 |     1 ||    10
       Potion            |     1 |     2 |     3 ||     6
Armor: Leather armour    |    10 |     7 |    13 ||    30
Dodge: Dodged            |    28 |    26 |    28 ||    82
Block: Other             |       |       |     1 ||     1

Table legend: (Time is in decaauts)
 A = Elapsed time spent in this place.
 B = Non-inter-level travel time spent in this place.
 C = Inter-level travel time spent in this place.
 D = Time resting spent in this place.
 E = Time spent auto-exploring this place.
 F = Levels seen in this place.
 G = Mean time per level.
                   A        B        C        D        E       F      G
               +--------+--------+--------+--------+--------+-----+--------+
         Total |   2642 |   2642 |      0 |     27 |      0 |   8 |  330.2 |
       Dungeon |   2586 |   2586 |      0 |     27 |      0 |   7 |  369.4 |
        Temple |     55 |     55 |      0 |      0 |      0 |   1 |   55.0 |
               +--------+--------+--------+--------+--------+-----+--------+

Top non-repeatable levels by time:
     D:5: 552 daAuts
     D:1: 486 daAuts
     D:2: 471 daAuts
     D:3: 469 daAuts
     D:4: 278 daAuts
     D:7: 264 daAuts
     D:6: 65 daAuts
  Temple: 55 daAuts

Table legend:
 A = Kills in this place as a percentage of kills in entire the game.
 B = Kills by you in this place as a percentage of kills by you in the entire game.
 C = Kills by friends in this place as a percentage of kills by friends in the entire game.
 D = Other kills in this place as a percentage of other kills in the entire game.
 E = Experience gained in this place as a percentage of experience gained in the entire game.
 F = Experience gained in this place divided by the number of levels of this place that you have seen.
                   A       B       C       D       E      F
               +-------+-------+-------+-------+-------+----------------------
         Total | 100.0 | 100.0 |   N/A |   N/A | 100.0 | 232.0
       Dungeon | 100.0 | 100.0 |   N/A |   N/A | 100.0 | 265.1
               +-------+-------+-------+-------+-------+----------------------
